 Dungeon Crawl Stone Soup version 0.22.1-1-ga44c0e56f4 (webtiles) character file.

144 Kniotic the Insei (level 5, -1/36 HPs)
             Began as an Octopode Monk on Nov 3, 2018.
             Killed from afar by an orc wizard (10 damage)
             ... with a magic dart
             ... on level 3 of the Dungeon.
             The game lasted 00:03:42 (2819 turns).

Kniotic the Insei (Octopode Monk)                   Turns: 2819, Time: 00:03:43

Health: -1/36      AC:  1    Str: 10    XL:     5   Next: 26%
Magic:  5/5        EV: 15    Int: 14    God:
Gold:   102        SH:  0    Dex: 14    Spells: 4/4 levels left

rFire    . . .     SeeInvis .     - Unarmed
rCold    . . .     Gourm    .   (no shield)
rNeg     . . .     Faith    .   (helmet restricted)
rPois    .         Spirit   .   (no amulet)
rElec    .         Reflect  .   q - ring of resist corrosion
rCorr    +         Harm     .   (no ring)
MR       .....                  (no ring)
Stlth    +++.......             (no ring)
HPRegen  0.12/turn              (no ring)
MPRegen  0.09/turn              (no ring)
                                (no ring)
                                (no ring)

@: no status effects
A: almost no armour, stealthy swim, amphibious, 8 rings, constrict 8, camouflage
1, gelatinous body 1
a: no special abilities


You were on level 3 of the Dungeon.
You were not hungry.

You visited 1 branch of the dungeon, and saw 3 of its levels.

You collected 102 gold pieces.

Inventory:

Armour
 j - a +2 shield
Jewellery
 q - a ring of resist corrosion (left tentacle)
 r - an uncursed ring of flight {unknown}
Scrolls
 b - 3 scrolls of teleportation {unknown}
 d - a scroll of random uselessness {unknown}
 g - a scroll of enchant weapon {unknown}
 h - 2 scrolls of magic mapping {unknown}
 i - a scroll of blinking {unknown}
 l - a scroll of immolation {unknown}
 o - a scroll of noise {unknown}
Potions
 c - 3 potions of invisibility
 e - a potion of heal wounds
 f - a potion of haste {unknown}
 k - a potion of lignification
 m - a potion of mutation
 n - a potion of berserk rage
 p - a potion of brilliance
 s - 2 potions of curing {unknown}
 t - a potion of agility {unknown}
Comestibles
 a - 5 rations


   Skills:
 - Level 3.0 Fighting
 + Level 4.1 Dodging
 - Level 2.6 Stealth
 * Level 5.0 Unarmed Combat


You had 4 spell levels left.
You didn't know any spells.
Your spell library was empty.

Dungeon Overview and Level Annotations

Branches:
Dungeon (3/15)

Altars:
The Shining One


Innate Abilities, Weirdness & Mutations

You cannot wear most types of armour.
You are very stealthy in the water. (Stealth+)
You are amphibious.
You can wear up to eight rings at the same time.
You can use your tentacles to constrict eight enemies at once.
Your skin changes colour to match your surroundings (Stealth+).
Your rubbery body absorbs attacks. (AC +1, EV +1)


Message History

You grab the orc wizard. You constrict the orc wizard.
The orc wizard casts a spell.
The orc wizard flickers and vanishes!
Deactivating autopickup; reactivate with Ctrl-A.
The orc completely misses you.
You tentacle-slap something. x2; You constrict something.
Something hits you. The orc barely misses you.
You tentacle-slap something. You constrict something. Something hits you.
You tentacle-slap something. You squeeze something. You constrict something.
The orc hits you from afar with a trident.
Something hits you.
* * * LOW HITPOINT WARNING * * *
You release your grip on something.
You tentacle-slap something. Something hits you but does no damage.
You tentacle-slap something but do no damage.
Your squeeze misses something.
You hear some strange, mumbled words.
A magic dart appears from out of thin air!
The magic dart hits you!
You die...

##...##.#.........o...#######.
+...##.##.#+####.............
#...##.##.#. #.############
#...##.# ...# #.#
######.###..####o###
.#######.............#
.........###..####.#.########
##########.# #...o).#.#......#
...........# #.@#####.#.####.#
.####..##### #..##....#.# #.#
.#.....# #..##.####.# #.#
.#.#...#########.##.####.####.#
.#.#.............>............#
.#+#..#############.####.######
.(............ #.#.....#.#
.............. #.......#.#
......##########.#######.#


You could see an orc.

Vanquished Creatures
  An orc wizard (D:3)
  Natasha (D:3)
  2 adders (D:2)
  2 worms (D:2)
  2 dart slugs
  2 leopard geckos
  An orc (D:3)
  2 ball pythons
  4 giant cockroaches
  4 hobgoblins
  4 jackals (D:1)
  9 kobolds
  5 bats
  A frilled lizard (D:2)
  10 goblins
  A leopard gecko zombie (D:2)
  7 rats
58 creatures vanquished.

Notes
Turn   | Place    | Note
-------+----------+-------------------------------------------
     0 | D:1      | Kniotic the Octopode Monk began the quest for the Orb.
     0 | D:1      | Reached XP level 1. HP: 16/16 MP: 1/1
   279 | D:1      | Reached XP level 2. HP: 18/21 MP: 2/2
   537 | D:1      | Reached XP level 3. HP: 26/26 MP: 3/3
   972 | D:1      | Reached skill level 4 in Unarmed Combat
  1671 | D:2      | Reached XP level 4. HP: 30/31 MP: 4/4
  2110 | D:3      | Noticed a phantom
  2207 | D:3      | Found a glowing golden altar of the Shining One.
  2252 | D:3      | Noticed Natasha
  2281 | D:3      | Killed Natasha
  2724 | D:3      | Reached XP level 5. HP: 36/36 MP: 5/5
  2811 | D:3      | Reached skill level 5 in Unarmed Combat
  2819 | D:3      | Killed from afar by an orc wizard

Skill      XL: |  1  2  3  4  5 |
---------------+----------------+-----
Unarmed Combat | 4 5 |  5.0
Dodging        | 4 |  4.1
Fighting       | |  3.0
Stealth        | |  2.6

Action                   |  1- 3 |  4- 6 || total
-------------------------+-------+-------++-------
Melee: Unarmed           |    93 |    47 ||   140
       Constrict         |    27 |    12 ||    39
       Tentacles         |    19 |     2 ||    21
       Punch             |     3 |     3 ||     6
  Use: Scroll            |       |     6 ||     6
 Stab: Sleeping          |    10 |     6 ||    16
  Eat: Chunk             |     2 |     4 ||     6
Armor: Skin              |     6 |     2 ||     8
Dodge: Dodged            |    46 |    21 ||    67
